 Dungeon Crawl Stone Soup version 0.24.0-123-gd5b16e6ec5 (webtiles) character file.

Game seed: 16155990813342034903, levelgen mode: deterministic

18238 IrvingSpaghetti the Covert (level 12, -12/77 HPs)
             Began as a Human Conjurer on Dec 22, 2019.
             Was an Initiate of Gozag.
             Mangled by a skeletal warrior
             ... wielding a +0 halberd
             ... led by a death knight
              (22 damage)
             ... on level 12 of the Dungeon on Dec 23, 2019.
             The game lasted 03:24:26 (21619 turns).

IrvingSpaghetti the Covert (Human Conjurer)        Turns: 21619, Time: 03:24:56

Health: -12/77     AC: 22    Str: 11    XL:     12   Next: 92%
Magic:  26/26      EV: 17    Int: 33    God:    Gozag
Gold:   936        SH:  6    Dex: 21    Spells: 6/31 levels left

rFire    + . .     SeeInvis +   J - +2 dagger (flame)
rCold    + . .     Gourm    .   A - +0 buckler
rNeg     . . .     Faith    .   v - +10 scale mail of Sloth {rElec Int+7}
rPois    +         Spirit   .   F - +0 helmet
rElec    +         Reflect  .   r - +0 cloak
rCorr    +         Harm     .   j - +0 pair of gloves {Dex+3}
MR       .....                  (no boots)
Stlth    +++++.....             U - amulet "Suonegum" {RegenMP rPois Int+7 SInv}
HPRegen  0.22/turn              g - ring of flight
MPRegen  0.45/turn              M - +6 ring of protection

@: agile, about to teleport, resistant, corroded, gold aura
A: no striking features
a: Potion Petition, Call Merchant, Bribe Branch, Renounce Religion, Evoke Flight


You were on level 12 of the Dungeon.
You worshipped Gozag.
Gozag was pleased with you.
You were not hungry.

You visited 2 branches of the dungeon, and saw 14 of its levels.
You also visited: Gauntlet.

You collected 2349 gold pieces.
You spent 1281 gold pieces at shops.
You paid 132 gold pieces to Gozag.

Inventory:

Hand Weapons
 e - a +0 dagger
 m - a +0 spear of flaming
 t - a +0 shortbow
 y - a +0 long sword of slicing
 D - a +1 dagger of protection
 I - a +1 dagger of distortion
 J - a +2 dagger of flaming (weapon)
Missiles
 k - 2 javelins
 o - 28 poisoned darts (quivered)
 V - 80 arrows
Armour
 j - a +0 pair of gloves of dexterity (worn)
 r - a +0 cloak (worn)
 v - the +10 scale mail of Sloth (worn) {rElec Int+7}
   (You took it off an orc on level 7 of the Dungeon)

   It affects your intelligence (+7).
   It insulates you from electricity.
 z - a +1 pair of gloves
 A - a +0 buckler (worn)
 F - a +0 helmet (worn)
Jewellery
 a - an uncursed ring of protection from magic
 d - an uncursed ring of protection from fire
 g - a ring of flight (left hand)
 n - an uncursed ring of positive energy
 w - an uncursed ring of protection from fire
 L - a +5 ring of dexterity
 M - a +6 ring of protection (right hand)
 P - an uncursed ring of ice
 S - an uncursed ring of protection from magic
 U - the amulet "Suonegum" (around neck) {RegenMP rPois Int+7 SInv}
   (You bought it in a shop on level 10 of the Dungeon)

   [amulet of magic regeneration]

   It increases your magic regeneration.
   It affects your intelligence (+7).
   It protects you from poison.
   It lets you see invisible.
Wands
 f - a wand of flame (2)
 h - a wand of iceblast (5)
 Q - a wand of acid (7)
Scrolls
 b - 2 scrolls of fog
 i - 7 scrolls of teleportation
 l - a scroll of identify
 p - a scroll of immolation {unknown}
 q - 6 scrolls of fear {unknown}
 x - 7 scrolls of amnesia
 B - 6 scrolls of remove curse
 O - a scroll of random uselessness
Potions
 s - a potion of invisibility
 u - a potion of resistance
 C - 2 potions of curing
 E - 2 potions of mutation
 H - a potion of flight
Miscellaneous
 G - a lightning rod (4/4)
 N - a fan of gales
Comestibles
 c - 12 rations


   Skills:
 + Level 1.6 Fighting
 + Level 2.8 Armour
 + Level 6.3 Dodging
 - Level 12.0 Stealth
 + Level 4.6 Shields
 - Level 10.0 Spellcasting
 * Level 9.2 Conjurations
 - Level 4.0 Translocations
 * Level 3.7 Fire Magic
 * Level 2.9 Poison Magic


You had 6 spell levels left.
You knew the following spells:

 Your Spells              Type           Power        Failure   Level  Hunger
a - Magic Dart            Conj           ####         1%          1    None
b - Searing Ray           Conj           ######       1%          2    None
c - Dazzling Spray        Conj/Hex       #####.       7%          3    None
d - Iskenderun's Mystic   Conj           ######..     3%          4    None
e - Blink                 Tloc           N/A          4%          2    None
f - Passwall              Tmut/Erth      ###.....     24%         2    None
g - Mephitic Cloud        Conj/Pois/Air  #####...     9%          3    None
h - Ignite Poison         Fire/Tmut/Pois ####....     19%         3    None
i - Conjure Flame         Conj/Fire      ######..     3%          3    None
j - Sublimation of Blood  Necr           ###.......   24%         2    None

Your spell library contained the following spells:

 Spells                   Type           Power        Failure   Level  Hunger
 Stone Arrow              Conj/Erth      #####.       7%          3    None
 Force Lance              Conj/Tloc      ######..     11%         4    None
 Sandblast                Erth           ###...       16%         1    None
 Call Imp                 Summ           ###.....     24%         2    None
 Slow                     Hex            ###.....     24%         2    None
 Fulminant Prism          Conj/Hex       #####.....   24%         4    None
 Irradiate                Conj/Tmut      #####.....   54%         5    ###....
 Petrify                  Tmut/Erth      ###.....     83%         4    None
 Alistair's Intoxication  Tmut/Pois      ####....     94%         5    ###....
 Lee's Rapid Deconstruct  Erth           ###.......   99%         5    ###....


Dungeon Overview and Level Annotations

Branches:
Dungeon (13/15)            Temple (1/1) D:7            Lair (0/6) D:9
Gauntlet (visited)
    Orc: D:9-12      Vaults: D:13-14

Altars:
Ashenzari
Cheibriados
Dithmenos
Elyvilon
Fedhas
Gozag
Hepliaklqana
Kikubaaqudgha
Makhleb
Nemelex Xobeh
Okawaru
Qazlal
Ru
Sif Muna
Trog
Uskayaw
Vehumet
Wu Jian
Xom
Yredelemnul
Zin
The Shining One
Jiyva

Shops:
D:7 [   D:10 =%:([


Message History

You block the skeletal warrior's attack.
The death knight offers itself to Yredelemnul, and fills with unholy energy.
As you read the scroll of teleportation, it crumbles to dust.
You feel strangely unstable. The freezing wraith hits you.
* * * LOW HITPOINT WARNING * * *
The freezing wraith freezes you!
* * * LOW HITPOINT WARNING * * *
The freezing wraith hits you.
* * * LOW HITPOINT WARNING * * *
Okay, then.
Okay, then. [a] - 0 gold - resistance, invisibility and agility [b] - 0 gold - curing, magic, resistance and agility [c] - 0 gold - resistance, agility, flight and invisibility Purchase which effect?
You feel better. Magic courses through your body.
You feel protected.
You feel agile all of a sudden.
The skeletal warrior hits you from afar with a +0 halberd!!
You die...
Your body crumbles into a pile of gold.

##########
##........#################
#............#.>...##.....#
#...................#.###.###
##.........p@.........###...#
#..........WW...............
#........z...........####...
#..$......................#.
#.....................######
#....................##### #
#####....................###
#..............##......#
######..............####)##.#


You could see a death knight, a skeletal warrior and 2 freezing wraiths.

Vanquished Creatures
  2 centaur warriors (D:13)
  A two-headed ogre (D:8)
  An unseen horror (D:11)
  A wretched star (Gauntlet)
  3 skeletal warriors (D:11)
  An ugly thing (D:11)
  A manticore (D:13)
  3 centaur zombies
  Psyche (D:8)
  An efreet (D:12)
  An ice devil (Gauntlet)
  2 trolls
  5 hippogriffs
  A shadow (D:11)
  A human (D:7)
  11 yaks
  A water elemental (D:11)
  2 wraiths
  3 hogs (D:7)
  A wyvern (D:11)
  A hungry ghost (D:10)
  2 vampire mosquitoes (D:12)
  2 acid dragons (D:12)
  A soldier ant (D:11)
  2 large abominations (Gauntlet)
  5 orc warriors
  4 ice beasts
  5 sky beasts
  3 black bears
  5 ogres
  A phantom (D:5)
  2 centaurs (D:11)
  A crocodile (D:9)
  A big kobold (D:9)
  4 bullfrogs
  6 small abominations (Gauntlet)
  A wyvern skeleton (D:10)
  2 jellies
  12 killer bees
  3 electric eels (D:11)
  2 howler monkeys (D:12)
  5 crimson imps
  A bullfrog zombie (D:6)
  A quasit (D:12)
  6 hounds
  9 orc priests
  3 centaur skeletons
  18 orc wizards
  2 bullfrog skeletons
  Natasha (thrice) (D:3)
  5 iguanas
  8 worker ants
  A killer bee zombie (D:5)
  2 hound skeletons
  14 gnolls
  9 adders
  5 shadow imps
  2 white imps (Gauntlet)
  An ooze (D:3)
  An adder zombie (D:6)
  2 worms
  5 dart slugs
  6 leopard geckos
  43 orcs
  A ball python (D:5)
  9 giant cockroaches
  13 goblins
  2 hobgoblins
  13 jackals
  14 kobolds
  A quokka (D:6)
  7 bats
  2 frilled lizards
  A jackal zombie (D:8)
  2 leopard gecko skeletons (D:4)
  A quokka zombie (D:5)
  12 rats
338 creatures vanquished.

Vanquished Creatures (others)
  A quokka (D:9)
  8 demonic plants (Gauntlet)
9 creatures vanquished.

Grand Total: 347 creatures vanquished

Notes
Turn   | Place    | Note
-------+----------+-------------------------------------------
     0 | D:1      | IrvingSpaghetti the Human Conjurer began the quest for the
                  | Orb.
     0 | D:1      | Reached XP level 1. HP: 13/13 MP: 3/3
   117 | D:1      | Reached XP level 2. HP: 18/19 MP: 5/5
   121 | D:1      | Learned a level 2 spell: Searing Ray
   195 | D:2      | Reached skill level 3 in Stealth
   341 | D:3      | Found a hide-covered altar of Uskayaw.
   341 | D:3      | Found an iron altar of Okawaru.
   342 | D:3      | Found a sparkling altar of Nemelex Xobeh.
   416 | D:2      | Reached XP level 3. HP: 13/24 MP: 1/6
   427 | D:2      | Found a stormy altar of Qazlal.
  1043 | D:1      | Reached skill level 4 in Stealth
  1444 | D:2      | Found a snail-covered altar of Cheibriados.
  1444 | D:2      | Found a shattered altar of Ashenzari.
  1447 | D:2      | Reached XP level 4. HP: 27/30 MP: 3/7
  1730 | D:3      | Found a faded altar of an unknown god.
  1753 | D:3      | Reached skill level 5 in Stealth
  1812 | D:3      | Learned a level 3 spell: Dazzling Spray
  1822 | D:3      | Reached XP level 5. HP: 29/35 MP: 2/8
  1840 | D:3      | Noticed a black bear
  2536 | D:3      | Killed a black bear
  2536 | D:3      | Reached skill level 6 in Stealth
  2536 | D:3      | Reached XP level 6. HP: 40/41 MP: 5/9
  2813 | D:4      | Reached skill level 7 in Stealth
  2997 | D:4      | Found a burning altar of Makhleb.
  3010 | D:4      | Found a glowing silver altar of Zin.
  3238 | D:3      | Noticed Natasha
  3243 | D:3      | Killed Natasha
  3277 | D:3      | Noticed Natasha
  3284 | D:3      | Killed Natasha
  3284 | D:3      | Reached XP level 7. HP: 10/46 MP: 5/10
  3562 | D:5      | Entered Level 5 of the Dungeon
  3733 | D:5      | Found a radiant altar of Vehumet.
  3939 | D:6      | Found a shadowy altar of Dithmenos.
  3996 | D:6      | Reached skill level 8 in Stealth
  4618 | D:4      | Found a bloodstained altar of Trog.
  5269 | D:4      | Reached skill level 9 in Stealth
  5833 | D:8      | Reached XP level 8. HP: 45/52 MP: 7/11
  5896 | D:7      | Found Icuvoor's Antique Armour Emporium.
  6051 | D:7      | Noticed a hippogriff
  6165 | D:6      | Found a hazy altar of Hepliaklqana.
  6268 | D:6      | Found a shadowy altar of Dithmenos.
  6858 | D:5      | Reached skill level 10 in Stealth
  7084 | D:3      | Found a blossoming altar of Fedhas.
  7162 | D:3      | Noticed Natasha
  7168 | D:3      | Killed Natasha
  8370 | D:7      | Found a shimmering altar of Xom.
  8459 | D:7      | Reached skill level 11 in Stealth
  8862 | D:7      | Noticed a human
  9059 | D:6      | Reached XP level 9. HP: 25/57 MP: 6/12
  9303 | D:7      | Killed a hippogriff
  9305 | D:7      | Found a staircase to the Ecumenical Temple.
  9323 | Temple   | Entered the Ecumenical Temple
  9410 | Temple   | Became a worshipper of Gozag Ym Sagoz the Greedy
 10440 | D:4      | Reached skill level 12 in Stealth
 10990 | D:4      | Reached skill level 1 in Shields
 11597 | D:6      | Found a hazy altar of Hepliaklqana.
 11628 | D:6      | Found a shadowy altar of Dithmenos.
 11804 | D:6      | Found a shadowy altar of Dithmenos.
 11984 | D:6      | Learned a level 2 spell: Sublimation of Blood
 13716 | D:7      | Found a shimmering altar of Xom.
 13875 | D:7      | Found a staircase to the Ecumenical Temple.
 13955 | D:7      | Found Icuvoor's Antique Armour Emporium.
 14558 | D:8      | Reached XP level 10. HP: 63/63 MP: 12/17
 14672 | D:9      | Reached skill level 5 in Spellcasting
 14975 | D:8      | Noticed Psyche
 14976 | D:8      | Identified the +10 scale mail of Sloth {rElec Int+7}
 14977 | D:8      | funny, psyche is almost dead
 15087 | D:8      | Killed Psyche
 15193 | D:8      | Reached skill level 5 in Conjurations
 15324 | D:9      | Learned a level 2 spell: Passwall
 15473 | D:10     | Entered Level 10 of the Dungeon
 15830 | D:9      | Found a staircase to the Lair.
 15994 | D:10     | Found Ylyubba's Food Emporium.
 16007 | D:10     | Found a flagged portal.
 16185 | D:8      | Noticed a two-headed ogre
 16195 | D:8      | Killed a two-headed ogre
 16195 | D:8      | Reached skill level 5 in Dodging
 16465 | D:7      | Reached XP level 11. HP: 68/68 MP: 14/22
 16818 | D:9      | Found a white marble altar of Elyvilon.
 17202 | D:10     | Found Liucorghe's Book Emporium.
 17218 | D:10     | Bought a book of Minor Magic for 260 gold pieces
 17221 | D:10     | Learned a level 2 spell: Blink
 17225 | D:10     | Learned a level 3 spell: Mephitic Cloud
 17229 | D:10     | Learned a level 3 spell: Ignite Poison
 17233 | D:10     | Learned a level 3 spell: Conjure Flame
 17403 | D:10     | Found Tawedgh's Jewellery Shoppe.
 17586 | D:10     | Found Cucuucw's Antique Armour Shop.
 17648 | D:10     | Reached skill level 1 in Armour
 17748 | D:10     | Reached skill level 1 in Fire Magic
 17886 | D:10     | Reached skill level 1 in Fighting
 18035 | D:10     | Found Ceenk's Antique Weapon Shoppe.
 18216 | D:10     | Bought the amulet "Suonegum" {RegenMP rPois Int+7 SInv} for
                  | 1021 gold pieces
 18364 | D:11     | Found a gate leading to a gauntlet.
 18378 | Gauntlet | Entered a Gauntlet
 18378 | Gauntlet | Found a transporter.
 18393 | Gauntlet | Found a transporter.
 18400 | Gauntlet | Noticed a tengu warrior
 18407 | Gauntlet | Found a transporter.
 18413 | Gauntlet | Found a transporter.
 18428 | Gauntlet | Noticed a reaper
 18429 | Gauntlet | Found a transporter.
 18448 | Gauntlet | Found a transporter.
 18448 | Gauntlet | Noticed a catoblepas
 18457 | Gauntlet | Noticed a death scarab
 18460 | Gauntlet | Found a transporter.
 18464 | Gauntlet | Noticed a death scarab
 18468 | Gauntlet | Found a large runed translucent door.
 18469 | Gauntlet | Found a large runed translucent door.
 18470 | Gauntlet | Found a large runed translucent door.
 18470 | Gauntlet | Found a large runed translucent door.
 18471 | Gauntlet | Found a runed translucent gate.
 18472 | Gauntlet | Found a transporter.
 18472 | Gauntlet | Found a runed translucent gate.
 18473 | Gauntlet | Found a runed translucent gate.
 18474 | Gauntlet | Found a large runed translucent door.
 18474 | Gauntlet | Found a large runed translucent door.
 18474 | Gauntlet | Noticed a death ooze
 18475 | Gauntlet | Found a large runed translucent door.
 18476 | Gauntlet | Found a large runed translucent door.
 18484 | Gauntlet | Found a transporter.
 18484 | Gauntlet | Noticed a wretched star
 18486 | Gauntlet | Found a large runed translucent door.
 18486 | Gauntlet | Found a large runed translucent door.
 18486 | Gauntlet | Found a runed translucent door.
 18486 | Gauntlet | Found a runed translucent door.
 18495 | Gauntlet | Noticed a wolf spider
 18498 | Gauntlet | Found a transporter.
 18498 | Gauntlet | Noticed an entropy weaver
 18522 | Gauntlet | Found a transporter.
 18545 | Gauntlet | Found a transporter.
 18562 | Gauntlet | Found a transporter.
 18592 | Gauntlet | Found a transporter.
 18594 | Gauntlet | Found a transporter.
 18596 | Gauntlet | Found a transporter.
 18598 | Gauntlet | Found a large runed translucent door.
 18598 | Gauntlet | Found a large runed translucent door.
 18599 | Gauntlet | Found a large runed translucent door.
 18599 | Gauntlet | Found a large runed translucent door.
 18625 | Gauntlet | Found a transporter.
 18627 | Gauntlet | Found a transporter.
 18629 | Gauntlet | Noticed a spectral death yak
 18884 | Gauntlet | Found a large runed translucent door.
 18884 | Gauntlet | Found a large runed translucent door.
 19052 | Gauntlet | Learned a level 4 spell: Iskenderun's Mystic Blast
 19072 | Gauntlet | Reached skill level 1 in Translocations
 19414 | Gauntlet | Killed a wretched star
 19471 | Gauntlet | Noticed a minotaur
 19752 | D:11     | Noticed a skeletal warrior
 19851 | D:11     | Reached skill level 1 in Poison Magic
 20326 | D:11     | Reached XP level 12. HP: 49/69 MP: 7/24
 20400 | D:11     | Noticed a skeletal warrior
 20413 | D:11     | Killed a skeletal warrior
 20414 | D:11     | Killed a skeletal warrior
 20507 | D:11     | Noticed a skeletal warrior
 20530 | D:11     | Killed a skeletal warrior
 20879 | D:12     | Noticed an unseen horror
 20894 | D:11     | Killed an unseen horror
 21347 | D:13     | Noticed a centaur warrior
 21349 | D:13     | Noticed a centaur warrior
 21360 | D:13     | Killed a centaur warrior
 21363 | D:13     | Killed a centaur warrior
 21438 | D:12     | Reached skill level 10 in Spellcasting
 21604 | D:12     | Noticed a skeletal warrior
 21605 | D:12     | Noticed a death knight
 21618 | D:12     | HP: 3/77 [freezing wraith[a death knight] (15)]
 21619 | D:12     | Mangled by a skeletal warrior

Levels and vault maps discovered:
D:1:      lemuel_arrival_rhombus, layout_loops_ring
D:2:      layout_rooms, chequers_temple_overflow_statue_of_worship,
          old_standard_altar
D:3:      minmay_general_purpose_star, layout_rooms,
          gammafunk_temple_overflow_forgotten, first_ration,
          chequers_ecumenical_altar_island, st_stairs_10, fedhas_altar_4,
          uniq_natasha
D:4:      layout_gridville, kennysheep_mini_moat, zin_academy, bloody_trog
D:5:      layout_basic, lemuel_doored_altar, grunt_ministairs_2, feat_on_display
D:6:      layout_cave_pools, grunt_dithmenos_shadows, lemuel_crystal_altar,
          basic_altar
D:7:      layout_cave_pods, kennysheep_mini, minmay_temple_entry_antechambers,
          serial_shops, nicolae_shop_behind_doors, grunt_livestock
D:8:      layout_loops_cross, uniq_psyche
D:9:      layout_loops_corners, elyvilon_altar_4, lair_entry_dummy
D:10:     layout_loops_ring, enter_bailey_7, serial_shops, shop, shop_statue,
          shop_fountains, shop, shop, kennysheep_generic_room_16
D:11:     layout_basic, gauntlet_entry_generic
D:12:     layout_rooms, hiddenorc2_lemuel, st_stairs_13, uniq_snorg
D:13:     layout_loops_ring, grunt_vaults_entry_fortified, serial_shops,
          shop_statue, uniq_urug
Temple:   pf_slimified_temple

Skill      XL: |  1  2  3  4  5  6  7  8  9 10 11 12 |
---------------+-------------------------------------+-----
Stealth        | 3 4 5 6 7 9 11 12 | 12.0
Shields        | 2 4 |  4.6
Spellcasting   | 4 7 8 10 | 10.0
Dodging        | 3 5 6 |  6.3
Conjurations   | 5 7 9 |  9.2
Armour         | 1 2 |  2.8
Fire Magic     | 1 3 |  3.7
Fighting       | 1 |  1.6
Translocations | 2 4 |  4.0
Poison Magic   | 1 2 |  2.9

Action                   |  1- 3 |  4- 6 |  7- 9 | 10-12 || total
-------------------------+-------+-------+-------+-------++-------
Melee: Dagger            |    29 |    31 |   230 |   164 ||   454
Throw: Javelin           |       |     2 |       |       ||     2
 Cast: Magic Dart        |    46 |    30 |    61 |   118 ||   255
       Searing Ray       |     4 |    13 |    77 |    92 ||   186
       Dazzling Spray    |       |     1 |    30 |    24 ||    55
       Sublimation of Bl |       |       |     2 |     2 ||     4
       Conjure Flame     |       |       |       |    58 ||    58
       Iskenderun's Myst |       |       |       |    23 ||    23
       Passwall          |       |       |       |     2 ||     2
       Mephitic Cloud    |       |       |       |     2 ||     2
       Blink             |       |       |       |     1 ||     1
Invok: Potion Petition   |       |       |       |     1 ||     1
 Abil: Evoke Flight      |       |       |     7 |     7 ||    14
       Stop Flying       |       |       |     2 |       ||     2
Evoke: Wand              |       |       |       |    15 ||    15
  Use: Scroll            |     3 |     2 |    10 |     9 ||    24
       Potion            |     2 |       |     2 |     5 ||     9
 Stab: Sleeping          |     4 |     1 |    21 |    10 ||    36
       Invisible         |       |     2 |     6 |    11 ||    19
  Eat: Chunk             |     1 |     9 |    15 |       ||    25
       Ration            |       |       |     9 |     7 ||    16
Armor: Robe              |    21 |    12 |    60 |    14 ||   107
       Skin              |       |       |    22 |     8 ||    30
       Scale mail        |       |       |       |   174 ||   174
Dodge: Dodged            |    69 |    71 |   237 |   212 ||   589
Block: Buckler           |       |       |     9 |    97 ||   106
